[Event "NED-ch U14 Youth 2019"]
[Site "Assen"]
[Date "2019.04.29"]
[Round "2.7"]
[White "Kutchoukov, Daniel"]
[Black "Arnold, Lorin"]
[Result "1-0"]
[ECO "B31"]
[WhiteElo "1862"]
[BlackElo "1598"]
[Annotator "NA RC"]
[PlyCount "89"]
[EventDate "2019.04.28"]
[EventType "swiss"]
[EventCountry "NED"]
[SourceTitle "playchess.com"]
[Source "ChessBase"]
[SourceQuality "1"]
[TimeControl "5400+30"]

1. e4 c5 2. Nf3 Nc6 3. Bb5 g6 4. O-O Bg7 5. Re1 Nf6 6. c3 O-O 7. d4 cxd4 8. cxd4 d6 {[%emt 0:00:47] B31: Sicilian: 2...Nc6 3 Bb5 g6} (8... d5 9. e5 Ne4 10. Bxc6 bxc6 11. Nbd2 c5 12. Nxe4 dxe4 13. Rxe4 Bb7 14. Re1 Bxf3 15. Qxf3 cxd4 16. Bd2 Qb8 17. Qb3 Rc8 18. f4 Qxb3 19. axb3 Rc2 {½-½ (49) Paichadze,L (2564)-Le,Q (2715) Batumi 2018}) 9. Nc3 Bg4 10. Be3 a6 11. Be2 (11. Bxc6 $5 bxc6 12. h3 Bxf3 13. Qxf3 $14) 11... b5 12. h3 Bc8 $146 ({Predecessor:} 12... Bxf3 13. Bxf3 Rc8 14. Rc1 e5 15. dxe5 dxe5 16. Nd5 Nxd5 17. exd5 {½-½ (30) Le,M (2198)-Nguyen,D (1962) Bac Giang 2016}) 13. a3 Bb7 14. d5 Nb8 15. Nd4 Nbd7 16. f4 Nc5 {[%emt 0:00:20] [#]} ({Black should play} 16... Rc8 $14) 17. Bf3 $1 Rc8 18. e5 $2 (18. Rc1 $16) 18... dxe5 19. Nc6 Bxc6 20. dxc6 e4 21. Bxc5 exf3 22. Qxf3 Re8 23. g4 e6 24. Rad1 Qc7 25. g5 {[%emt 0:00:30] [#]} Nh5 $1 26. Ne2 (26. Ne4 $17) 26... Qxc6 27. Qxc6 Rxc6 28. b4 Bb2 29. Nd4 (29. Rd2 $15 Bg7 30. Red1) 29... Rcc8 30. Re2 Bxd4+ 31. Rxd4 Red8 32. Red2 Rxd4 (32... Rd5 $5 33. Rxd5 exd5 $15) 33. Rxd4 Kg7 34. Kf2 h6 35. h4 hxg5 36. hxg5 Re8 37. Bd6 Kg8 38. Be5 Rc8 39. Rd7 Ng7 40. Ra7 Rc2+ $2 (40... Nf5 $16 {is more resistant.}) 41. Kf3 Rc6 42. Ra8+ Kh7 43. Ke4 Rc4+ $18 44. Kd3 Rc6 45. Rf8 1-0

[Event "NED-ch U14 Youth 2019"]
[Site "Assen"]
[Date "2019.04.29"]
[Round "2.8"]
[White "Slagboom, Leandro"]
[Black "Bakija, Alan"]
[Result "1-0"]
[ECO "A30"]
[WhiteElo "1738"]
[BlackElo "1580"]
[Annotator "NA RC"]
[PlyCount "87"]
[EventDate "2019.04.28"]
[EventType "swiss"]
[EventCountry "NED"]
[SourceTitle "playchess.com"]
[Source "ChessBase"]
[SourceQuality "1"]
[TimeControl "5400+30"]

1. Nf3 Nf6 2. c4 c5 3. b3 Nc6 4. Bb2 e6 5. g3 Be7 6. Bg2 O-O 7. O-O b6 8. Nc3 Bb7 9. d4 d5 10. cxd5 Nxd5 11. Nxd5 exd5 12. Rc1 Bf6 13. Qd2 cxd4 14. Nxd4 Qd7 15. Rfd1 Rfd8 16. Nxc6 Bxc6 17. Bxf6 gxf6 18. Qc3 Rac8 19. Qxf6 Qe6 20. Qb2 Rd6 21. Rd4 f6 22. Rh4 Qe5 23. Qd2 Rc7 24. Rd1 Rcd7 25. Bh3 Rg7 26. Bg2 Rgd7 27. e3 Kh8 28. Qd4 Kg7 29. Rf4 Qxd4 30. Rfxd4 Kf7 31. e4 Ke7 32. exd5 Bb7 33. Bh3 Rc7 34. Rc4 Rc5 35. Rxc5 bxc5 36. Bg2 f5 37. Rc1 Bxd5 38. Rxc5 Be6 39. Bf3 Rd7 40. Kg2 Kf6 41. h4 Kg6 42. Rc6 Kf6 43. a4 Ke5 44. b4 1-0

[Event "NED-ch U14 Youth 2019"]
[Site "Assen"]
[Date "2019.04.29"]
[Round "2.9"]
[White "Roebers, Eline"]
[Black "Dekker, Thiemen"]
[Result "1-0"]
[ECO "C47"]
[WhiteElo "2077"]
[BlackElo "1521"]
[Annotator "NA RC"]
[PlyCount "49"]
[EventDate "2019.04.28"]
[EventType "swiss"]
[EventCountry "NED"]
[SourceTitle "playchess.com"]
[Source "ChessBase"]
[SourceQuality "1"]
[TimeControl "5400+30"]

1. e4 e5 2. Nf3 Nc6 3. Nc3 Nf6 4. a3 Bc5 5. Nxe5 Nxe5 6. d4 {[%emt 0:00:09] Double Attack C47: Scotch Four Knights and Four Knights with 4 g3} Bd6 $1 ({Don't blunder} 6... Nfg4 $2 7. dxc5 d6 8. cxd6 $18) 7. f4 (7. dxe5 Bxe5 8. Nb5 c6 9. Nd6+ Bxd6 10. Qxd6 Nxe4 11. Qe5+ Qe7 12. Qxg7 Nf6+ {1-0 (43) Mamedov,R (2678)-Dragnev,V (2466) Heraklio 2017}) 7... Ng6 8. e5 {[%emt 0:00:13] Double Attack} Be7 $1 9. exf6 (9. f5 $14 Nh4 10. exf6 Bxf6 11. Qe2+ Kf8 12. Qf2) 9... Bxf6 10. Be2 d5 11. O-O O-O $146 ({Predecessor:} 11... Nh4 12. Be3 Nf5 {1-0 (59) Massironi,M (2211)-Brunello,S (2552) Trieste 2018}) 12. Bf3 (12. f5 $11 Ne7 13. g4) 12... c6 13. Ne2 Re8 14. c3 Nh4 15. Ng3 Nxf3+ 16. Qxf3 Bd7 17. f5 Bh4 (17... c5 $5 18. Be3 cxd4 19. Bxd4 Bxd4+ 20. cxd4 Qb6 $15) 18. Nh5 Re4 19. Bf4 g6 $2 (19... h6 $11) 20. fxg6 fxg6 21. Bg5 Qf8 22. Nf6+ {[%emt 0:00:57] Double Attack} Kg7 $18 23. Nxe4 Qxf3 24. gxf3 dxe4 25. Bxh4 1-0

[Event "NED-ch U14 Youth 2019"]
[Site "Assen"]
[Date "2019.04.29"]
[Round "2.10"]
[White "Van Kuijk, Vadim"]
[Black "Klaren, Duncan"]
[Result "0-1"]
[ECO "D02"]
[WhiteElo "1589"]
[BlackElo "1980"]
[Annotator "NA RC"]
[PlyCount "71"]
[EventDate "2019.04.28"]
[EventType "swiss"]
[EventCountry "NED"]
[SourceTitle "playchess.com"]
[Source "ChessBase"]
[SourceQuality "1"]
[TimeControl "5400+30"]

1. d4 Nf6 2. Bf4 e6 3. Nf3 d5 4. e3 c5 5. c3 Nbd7 6. Bd3 Be7 7. Nbd2 O-O 8. Qe2 {[%emt 0:08:04] D02: 1 d4 d5 2 Nf3 sidelines, including 2...Nf6 3 g3 and 2...Nf6 3 Bf4} h6 $146 ({Predecessor:} 8... b6 9. Ne5 Bb7 10. g4 Ne4 11. f3 Bh4+ 12. Bg3 Nxd2 13. Kxd2 cxd4 14. Bxh4 dxc3+ 15. bxc3 Qxh4 16. Nxd7 {0-1 (42) Kovalev,V (2639)-Lewicki,M (2404) Katowice 2017}) 9. h3 c4 10. Bb1 b5 11. g4 Ne8 ({Better is} 11... b4 $17 12. e4 bxc3 13. bxc3 Ba3) 12. e4 b4 13. e5 f6 14. Nxc4 $2 (14. exf6 $16 {keeps the pressure on.} Rxf6 15. Qe3) 14... Ba6 $2 (14... dxc4 $17 {keeps the pressure on.} 15. Qe4 f5 16. Qxa8 Qc7 17. gxf5 Bb7 18. Qxa7 Qc6) 15. Qc2 f5 16. gxf5 $4 (16. Ne3 $18 {was the only winning move.}) 16... Bxc4 $2 (16... Rxf5 $17 {keeps the pressure on.} 17. Qd2 bxc3 18. bxc3 Rxf4 19. Qxf4 Bxc4) 17. fxe6 Ndf6 18. exf6 Nxf6 {[%emt 0:00:11] [#]} 19. Rg1 $2 (19. Qg6 $1 $18 Qe8 20. Rg1 Qxg6 21. Bxg6) 19... Ne4 20. Be5 Bf6 $2 {[%emt 0:00:33] [#]} (20... Rxf3 $11 21. Rxg7+ Kf8) 21. Nd2 $1 Bxe5 22. Nxe4 dxe4 $18 23. Qxe4 Bxe6 24. Qxe5 Qd7 25. Qe4 Bf5 26. Qg2 Rae8+ 27. Kd2 bxc3+ 28. bxc3 Bxh3 29. Qg3 Qe7 30. Bd3 Bf5 31. Rae1 Qb7 32. Bxf5 Rxe1 33. Rxe1 Rxf5 34. Re2 Rf3 35. Re8+ Kf7 36. Rb8 0-1

[Event "NED-ch U14 Youth 2019"]
[Site "Assen"]
[Date "2019.04.29"]
[Round "2.11"]
[White "De Heij, Mees"]
[Black "Van Foreest, Nanne"]
[Result "0-1"]
[ECO "C55"]
[WhiteElo "1524"]
[BlackElo "1790"]
[Annotator "NA RC"]
[PlyCount "114"]
[EventDate "2019.04.28"]
[EventType "swiss"]
[EventCountry "NED"]
[SourceTitle "playchess.com"]
[Source "ChessBase"]
[SourceQuality "1"]
[TimeControl "5400+30"]

1. e4 e5 2. Nf3 Nc6 3. Nc3 Nf6 4. Bc4 Be7 5. d3 d6 6. h3 O-O 7. O-O h6 8. Be3 Na5 9. Bb3 c6 10. Re1 Re8 11. Qd2 Nxb3 12. axb3 a6 13. Ne2 Bf8 14. Ng3 d5 15. exd5 cxd5 16. Qa5 Qxa5 17. Rxa5 Bb4 18. Bd2 Bxa5 19. Bxa5 e4 20. dxe4 Nxe4 21. Nd2 Nf6 22. Rxe8+ Nxe8 23. c4 Nf6 24. cxd5 Nxd5 25. Nc4 Be6 26. Ne4 b6 27. Nxb6 Nxb6 28. Bxb6 Rb8 29. Bd4 Rb4 30. Nc5 Rxd4 31. Nxa6 Bxb3 32. Nc5 Rb4 33. Nd3 Rb8 34. Nc5 Be6 35. Nd3 Rb3 36. Nf4 Rxb2 37. Nd3 Rd2 38. Nf4 g5 39. Nh5 Rd1+ 40. Kh2 Kh8 41. Nf6 Kg7 42. Ne4 f5 43. Ng3 Bc4 44. Nxf5+ Kh7 45. Ne3 Rc1 46. Ng4 Kg7 47. Kg3 Bd5 48. Ne3 Rc3 49. Kh2 Rxe3 50. fxe3 h5 51. Kg3 Kf6 52. h4 g4 53. Kf2 Kf5 54. Kg3 Ke4 55. Kf2 Bc4 56. Kg3 Kxe3 57. Kh2 Bd5 0-1

[Event "NED-ch U14 Youth 2019"]
[Site "Assen"]
[Date "2019.04.29"]
[Round "2.12"]
[White "Tiggelman, Vincent"]
[Black "Jakhari, Ansh"]
[Result "0-1"]
[ECO "B50"]
[WhiteElo "1378"]
[BlackElo "1630"]
[Annotator "NA RC"]
[PlyCount "32"]
[EventDate "2019.04.28"]
[EventType "swiss"]
[EventCountry "NED"]
[SourceTitle "playchess.com"]
[Source "ChessBase"]
[SourceQuality "1"]
[TimeControl "5400+30"]

1. e4 c5 2. Nf3 d6 3. Nc3 Nf6 4. e5 dxe5 5. Nxe5 a6 6. g3 e6 7. Bg2 Bd6 8. d4 O-O 9. O-O Qc7 10. Re1 Rd8 11. Bf4 Nc6 12. Nxc6 bxc6 13. Bxd6 Rxd6 14. d5 cxd5 15. Nxd5 exd5 16. Bxd5 Bb7 0-1

[Event "NED-ch U14 Youth 2019"]
[Site "Assen"]
[Date "2019.04.29"]
[Round "2.13"]
[White "Catalan, Ciro"]
[Black "De Putter, Sven"]
[Result "1-0"]
[ECO "E06"]
[WhiteElo "1599"]
[BlackElo "1381"]
[Annotator "NA RC"]
[PlyCount "25"]
[EventDate "2019.04.28"]
[EventType "swiss"]
[EventCountry "NED"]
[SourceTitle "playchess.com"]
[Source "ChessBase"]
[SourceQuality "1"]
[TimeControl "5400+30"]

1. d4 d5 2. c4 e6 3. Nf3 Nf6 4. g3 Be7 5. Bg2 c5 6. cxd5 Nxd5 7. O-O Nc6 8. dxc5 Bxc5 9. a3 a6 10. e4 Nb6 11. Qc2 Be7 12. Rd1 Qc7 13. Bf4 1-0

[Event "NED-ch U14 Youth 2019"]
[Site "Assen"]
[Date "2019.04.29"]
[Round "3.1"]
[White "Boghossian, Wahe"]
[Black "Brandsma, Romayn"]
[Result "0-1"]
[ECO "C54"]
[WhiteElo "1820"]
[BlackElo "1958"]
[Annotator "NA RC"]
[PlyCount "44"]
[EventDate "2019.04.28"]
[EventType "swiss"]
[EventCountry "NED"]
[SourceTitle "playchess.com"]
[Source "ChessBase"]
[SourceQuality "1"]
[TimeControl "5400+30"]

1. e4 e5 2. Nf3 Nc6 3. d4 exd4 4. Bc4 Bc5 5. c3 Nf6 6. e5 d5 7. Bb5 Ne4 8. Nxd4 O-O 9. Bxc6 bxc6 10. O-O Ba6 {[%emt 0:03:30] C54: Giuoco Piano: 4 c3 Nf6, main lines with 5 d4 and 5 d3} (10... f6 11. b4 fxe5 12. bxc5 exd4 13. Qxd4 Qf6 {0-1 (13) Ulanov,A (2425)-Aleksandrov,A (2637) Izhevsk 2013}) 11. Re1 $1 f6 (11... Qh4 $5 12. Be3 f6 $11) 12. Be3 {[%emt 0:06:49] [#]} Nxf2 $1 $146 ({Predecessor:} 12... fxe5 13. Ne6 Bxe3 14. fxe3 Qf6 15. Nxf8 Qf2+ 16. Kh1 Rxf8 17. Qc1 Bf1 {0-1 (17) Passeiro,L (1429)-Sismeiro,M (1686) Luso 2018}) 13. Bxf2 fxe5 14. Rxe5 $2 {[%emt 0:01:07] [#]} (14. b4 $1 $11 {and White is okay.} Bb6 {[%mdl 64] Pin} 15. Nf3 Bxf2+ 16. Kxf2) 14... Rxf2 $1 15. Kxf2 Qf6+ {[%emt 0:00:17] Double Attack} 16. Kg1 Qxe5 17. Qd2 Rf8 18. Na3 Bd6 19. Nf3 $2 {[%emt 0:00:46] [#]} (19. g3 $19) 19... Rxf3 20. gxf3 {[%emt 0:00:22] [#]} Be2 $1 21. f4 Bc5+ 22. Kg2 Qe4+ 0-1

[Event "NED-ch U14 Youth 2019"]
[Site "Assen"]
[Date "2019.04.29"]
[Round "3.3"]
[White "Kutchoukov, Daniel"]
[Black "Van der Hagen, Loek"]
[Result "0-1"]
[ECO "B52"]
[WhiteElo "1862"]
[BlackElo "1931"]
[Annotator "NA RC"]
[PlyCount "92"]
[EventDate "2019.04.28"]
[EventType "swiss"]
[EventCountry "NED"]
[SourceTitle "playchess.com"]
[Source "ChessBase"]
[SourceQuality "1"]
[TimeControl "5400+30"]

1. e4 c5 2. Nf3 d6 3. Bb5+ Bd7 4. Bxd7+ Qxd7 5. c4 Nc6 6. O-O Nf6 7. Nc3 g6 8. d4 cxd4 9. Nxd4 Bg7 10. Nc2 O-O 11. f3 Rfc8 12. Be3 Qd8 13. Qd2 Nd7 14. Nd4 (14. Na3 $11 {remains equal.}) 14... Nxd4 {[%emt 0:04:22] Discovered Attack} 15. Bxd4 Rxc4 16. Bxg7 Kxg7 17. Rac1 Qa5 18. Qe3 Qb6 $17 19. Nd5 Qxe3+ 20. Nxe3 Rc6 21. Nd5 Kf8 22. Nb4 Rcc8 23. Kf2 Nb6 24. Nd5 Nxd5 25. exd5 Ke8 26. Ke3 Rxc1 27. Rxc1 Kd7 28. Rd1 Rc8 29. Rd2 e5 30. Re2 f5 31. g3 a5 32. Rd2 Rc4 33. b3 Rc5 34. Ke2 Ke7 35. Ke3 Kf6 36. Ke2 e4 37. f4 Rc3 38. Rd1 g5 39. fxg5+ Kxg5 40. Rd2 Kf6 41. Rd1 Ke5 42. Rd2 Rc5 43. Ke3 Rxd5 44. Rc2 Rc5 45. Rd2 d5 46. Ke2 d4 0-1

[Event "NED-ch U14 Youth 2019"]
[Site "Assen"]
[Date "2019.04.29"]
[Round "3.4"]
[White "Labruyere, Roger"]
[Black "Slagboom, Leandro"]
[Result "1-0"]
[ECO "B99"]
[WhiteElo "1922"]
[BlackElo "1738"]
[Annotator "NA RC"]
[PlyCount "73"]
[EventDate "2019.04.28"]
[EventType "swiss"]
[EventCountry "NED"]
[SourceTitle "playchess.com"]
[Source "ChessBase"]
[SourceQuality "1"]
[TimeControl "5400+30"]

1. e4 c5 2. Nf3 d6 3. d4 cxd4 4. Nxd4 Nf6 5. Nc3 a6 6. Bg5 e6 7. f4 Be7 8. Qf3 Qc7 9. O-O-O Nbd7 10. Bd3 b5 11. Rhe1 Bb7 12. Nd5 exd5 13. exd5 {[%emt 0:00:08] [#] B99: Sicilian Najdorf: 6 Bg5 e6 7 f4 Be7 8 Qf3 Qc7 9 0-0-0 Nbd7} Kd8 (13... Kf8 $1 $17 14. Nc6 (14. Rxe7 $2 Kxe7 15. Bf5 Kf8 $19 (15... Rae8 $19)) 14... Bd8) 14. Nf5 ({But not} 14. Rxe7 $2) (14. Nc6+ Bxc6 15. dxc6 Nc5 16. Bf5 Ra7 17. Re2 Qb6 18. Rde1 Rc7 19. Rxe7 Qa5 20. Qd5 Ne6 21. R7xe6 fxe6 22. Rxe6 Re7 23. Qxd6+ {1-0 (23) Tukhaev,A (2517)-Mista,A (2543) Warsaw 2007}) 14... Bf8 15. Nd4 Nc5 $2 {[%emt 0:05:45] [#]} (15... Qc5 $17 {stays on course.} 16. Nb3 Qc7) 16. Qe3 ({White should play} 16. Bxf6+ $1 $16 gxf6 17. Bf5) 16... Nxd3+ $4 (16... Be7 $11 17. Nf5 Nxd5 18. Bxe7+ Nxe7 19. Qxe7+ Qxe7 20. Rxe7 g6) 17. Rxd3 Qd7 $2 $146 ({Predecessor:} 17... Qe7 18. Bxf6 gxf6 19. Nc6+ Bxc6 20. dxc6 Qa7 21. Qe8+ {½-½ (41) Saur,M (2149)-Seiler,S (1615) Stuttgart 2003}) 18. Nb3 $2 (18. Bxf6+ $18 gxf6 {[#]} 19. Nc6+ $1 Kc7 20. Rc3 Bxc6 21. Rxc6+ Qxc6 22. dxc6) 18... Rc8 19. Na5 Ba8 20. Rc3 (20. Re2 $11 {remains equal.}) 20... Rxc3 21. bxc3 Bxd5 {[%emt 0:08:09] [#]} 22. Bxf6+ $1 gxf6 23. Qb6+ $17 ({White has to play} 23. Qd4 $18 Bh6 24. g3 (24. Qxd5 Bxf4+ 25. Kb2 Be5 $14) (24. Qxf6+ Kc7 $16)) 23... Qc7 24. Qd4 Qxa5 25. Qxd5 Qa3+ 26. Kd2 Kc7 27. Qxf7+ Kb6 28. Qxf6 Rg8 29. Qd8+ Kc6 30. Qa8+ Kc5 31. Re8 Bh6 32. Rxg8 Bxf4+ 33. Kd3 d5 34. Qc8+ Kb6 35. Qd8+ Kc5 36. Qe7+ Bd6 37. Qa7+ 1-0

[Event "NED-ch U14 Youth 2019"]
[Site "Assen"]
[Date "2019.04.29"]
[Round "3.5"]
[White "Bleeker, Kasper"]
[Black "De Winter, Arthur"]
[Result "1-0"]
[ECO "B21"]
[WhiteElo "1932"]
[BlackElo "1661"]
[Annotator "NA RC"]
[PlyCount "149"]
[EventDate "2019.04.28"]
[EventType "swiss"]
[EventCountry "NED"]
[SourceTitle "playchess.com"]
[Source "ChessBase"]
[SourceQuality "1"]
[TimeControl "5400+30"]

1. e4 c5 2. Nf3 e6 3. d4 cxd4 4. c3 dxc3 5. Nxc3 d6 6. Bc4 Nc6 7. O-O Nf6 8. Bf4 Be7 9. Qe2 a6 10. Rac1 O-O 11. Rfd1 Qc7 (11... Nh5 $5 12. Be3 Bd7 $11) 12. Bb3 Rd8 {[%emt 0:00:41] B21: Sicilian: 2 f4 and Morra Gambit} ({Better is} 12... Qb8) 13. Rd2 $146 ({Better is Predecessor:} 13. Nd5 $11 exd5 14. exd5 Nxd5 15. Bxd5 Bg4 16. Qc4 Bf6 17. b4 Rac8 18. h3 Bh5 19. a4 Qb6 20. Be3 Qxb4 21. Qxb4 Nxb4 22. Bxb7 Rxc1 23. Rxc1 Bxf3 24. gxf3 {½-½ (32) Spornberger,M (2300)-Wertjanz,D (2332) Caldaro 2016}) 13... Ne5 14. Nxe5 dxe5 15. Rxd8+ Bxd8 16. Na4 Qb8 17. Bg5 Bd7 (17... b5 $15 18. Nc5 Be7) 18. Bxf6 $1 Bxa4 $1 19. Bxg7 Kxg7 ({But not} 19... Bxb3 20. Bh6 $16) 20. Bxa4 b5 21. Bd1 Qd6 22. Rc3 Bb6 23. Rd3 Qc5 $11 24. Qg4+ Kf8 25. Qh4 Ke8 26. Be2 Rd8 27. Rc3 Qd4 28. h3 Qd2 29. Bh5 Rd3 30. Rxd3 Qxd3 31. Qf6 Qd7 32. Qh8+ Ke7 33. Qxh7 Qd2 34. Qxf7+ Kd6 35. Qf8+ Kc7 36. Qe7+ Kb8 37. Qe8+ Kb7 38. Qe7+ Kb8 39. Qf8+ Kb7 40. Qf7+ Kb8 41. Qf8+ Kb7 42. Qf7+ Kb8 43. Kh2 Bxf2 44. Qg8+ Kb7 45. Qg7+ Ka8 46. Qh8+ Kb7 47. Qg7+ Kb6 48. Qxe5 Qe1 49. Qd6+ Kb7 50. Qd7+ Kb8 51. Qd6+ Kb7 52. Qe7+ Kb8 53. Qf8+ Kb7 54. Qf7+ Kb8 55. Qf4+ Kb7 56. h4 Bxh4 57. Bf3 Bf2 58. Qf7+ Kb6 59. Qxe6+ Ka5 60. Qf6 b4 61. Qe5+ Ka4 62. Qe8+ Ka5 63. Qd8+ Kb5 64. Qd5+ Kb6 65. Qd6+ Kb5 66. Qe5+ Kb6 67. Qf6+ Kb5 68. Qg5+ Kb6 69. e5 Qg1+ 70. Kh3 Qh1+ 71. Kg4 Qh7 72. Qd8+ Ka7 73. Qa8+ Kb6 74. Qb8+ Ka5 75. Qd8+ 1-0

[Event "NED-ch U14 Youth 2019"]
[Site "Assen"]
[Date "2019.04.29"]
[Round "3.6"]
[White "Jakhari, Ansh"]
[Black "Roebers, Eline"]
[Result "1/2-1/2"]
[ECO "B48"]
[WhiteElo "1630"]
[BlackElo "2077"]
[Annotator "NA RC"]
[PlyCount "50"]
[EventDate "2019.04.28"]
[EventType "swiss"]
[EventCountry "NED"]
[SourceTitle "playchess.com"]
[Source "ChessBase"]
[SourceQuality "1"]
[TimeControl "5400+30"]

1. e4 c5 2. Nf3 e6 3. d4 cxd4 4. Nxd4 Nc6 5. Nc3 Qc7 6. Be3 a6 7. Be2 Nf6 8. O-O Be7 9. a3 O-O (9... d6 10. Qd2 {½-½ (10) Muratovic,A (2462)-Iotov,V (2503) Sofia 2006}) 10. Qd2 d6 11. Rad1 {[%emt 0:00:55] B48: Sicilian: Taimanov: 5 Nc3 Qc7 6 Be3 a6 without Be2} Nxd4 12. Bxd4 e5 13. Be3 Be6 $146 ({Predecessor:} 13... Rd8 14. Bf3 Bg4 15. Qe2 Bxf3 16. Qxf3 Qc8 17. h3 Qe6 18. Rd3 Rd7 {1-0 (32) Cervinka,R-Tolar,J Plzen 1999}) 14. f4 Rfd8 15. f5 Bc4 ({Better is} 15... Bd7 $11) 16. Bxc4 Qxc4 17. Qd3 Rac8 18. Bg5 Qxd3 19. Rxd3 Rc4 20. Rfd1 Rc6 21. R1d2 $14 Rd7 22. Bxf6 Bxf6 23. Nd5 Bd8 24. Nb4 Rb6 25. Nd5 Rc6 1/2-1/2

[Event "NED-ch U14 Youth 2019"]
[Site "Assen"]
[Date "2019.04.29"]
[Round "3.7"]
[White "Klaren, Duncan"]
[Black "Shadrin, Mitia"]
[Result "0-1"]
[ECO "B70"]
[WhiteElo "1980"]
[BlackElo "1692"]
[Annotator "NA RC"]
[PlyCount "54"]
[EventDate "2019.04.28"]
[EventType "swiss"]
[EventCountry "NED"]
[SourceTitle "playchess.com"]
[Source "ChessBase"]
[SourceQuality "1"]
[TimeControl "5400+30"]

1. e4 c5 2. Nf3 d6 3. d4 cxd4 4. Nxd4 Nf6 5. Nc3 g6 6. Be2 Bg7 7. O-O O-O 8. Re1 Nc6 9. Nb3 Be6 10. Bf1 d5 11. Nc5 d4 {[%emt 0:05:05] B70: Sicilian Dragon: 6 g3 and 6 Be2 (without a later Be3)} (11... Bg4 12. f3 d4 13. Nb5 a6 14. fxg4 axb5 15. g5 Nd7 16. Nxd7 Qxd7 17. Bxb5 Qc7 18. Bd3 Be5 19. h3 Bf4 20. Qg4 Bxc1 21. Rexc1 {½-½ (42) Firman,N (2526)-Shirov,A (2685) Germany 2013}) 12. Nxe6 fxe6 13. Nb5 Qb6 ({Black should play} 13... a6 $11 14. Na3 Nd7) 14. a4 $146 ({Predecessor:} 14. c3 dxc3 15. Be3 Qa5 16. Nxc3 Ne5 17. h3 Qb4 18. Qb3 Qxb3 19. axb3 {½-½ (53) Penalosa Pinillas,J (2207)-Diaz Herrero,A (1951) Logrono 2007}) 14... a5 15. c3 Ne8 16. Qb3 Nc7 17. Bc4 Nxb5 ({Wrong is} 17... dxc3 $2 18. Be3 $18) 18. Bxe6+ Kh8 19. axb5 (19. Qxb5 $14 Qa7 20. Rf1) 19... dxc3 $15 ({And not} 19... Nd8 20. Bc4 $16) 20. Be3 Nd4 21. Qd5 cxb2 22. Ra4 Rad8 23. Bd7 e5 24. Rc4 a4 25. Bxd4 exd4 26. e5 d3 27. Rf1 Qxf2+ 0-1

[Event "NED-ch U14 Youth 2019"]
[Site "Assen"]
[Date "2019.04.29"]
[Round "3.8"]
[White "Van Foreest, Nanne"]
[Black "Catalan, Ciro"]
[Result "0-1"]
[ECO "B27"]
[WhiteElo "1790"]
[BlackElo "1599"]
[Annotator "NA RC"]
[PlyCount "106"]
[EventDate "2019.04.28"]
[EventType "swiss"]
[EventCountry "NED"]
[SourceTitle "playchess.com"]
[Source "ChessBase"]
[SourceQuality "1"]
[TimeControl "5400+30"]

1. e4 c5 2. Nf3 g6 3. c3 Nf6 4. e5 Nd5 5. d4 cxd4 6. cxd4 d6 7. exd6 Qxd6 8. Bc4 Nb6 9. Bb3 Bg7 10. O-O O-O 11. Nc3 Nc6 12. d5 Nb4 13. Ne4 Qd8 14. d6 Bf5 15. dxe7 Qxe7 16. Nd6 Qd7 17. Ng5 Bc2 18. Ngxf7 Bxd1 19. Nh6+ Kh8 20. Ndf7+ Rxf7 21. Nxf7+ Kg8 22. Ne5+ Bxb3 23. Nxd7 Nxd7 24. axb3 a6 25. Bd2 Nd5 26. Bc3 Nxc3 27. bxc3 Bxc3 28. Rac1 Bb4 29. Rc7 Nc5 30. f4 Rf8 31. g4 Rf7 32. Rc8+ Kg7 33. f5 gxf5 34. gxf5 Kf6 35. Rd8 a5 36. Rd6+ Kg5 37. Kg2 Nxb3 38. Re6 Nd4 39. Rb6 Nxf5 40. Rb5 Kg6 41. Kh3 Nd6 42. Rg1+ Kh6 43. Re5 Rf6 44. Reg5 Rg6 45. Kh4 Rxg5 46. Rxg5 Nf7 47. Rg2 b6 48. h3 Ne5 49. Re2 Bc3 50. Re3 Be1+ 51. Rxe1 Nf3+ 52. Kg3 Nxe1 53. h4 b5 0-1

[Event "NED-ch U14 Youth 2019"]
[Site "Assen"]
[Date "2019.04.29"]
[Round "3.9"]
[White "Bartels, Vladimir"]
[Black "Franke, Daniel"]
[Result "1-0"]
[ECO "B23"]
[WhiteElo "1748"]
[BlackElo "1465"]
[Annotator "NA RC"]
[PlyCount "57"]
[EventDate "2019.04.28"]
[EventType "swiss"]
[EventCountry "NED"]
[SourceTitle "playchess.com"]
[Source "ChessBase"]
[SourceQuality "1"]
[TimeControl "5400+30"]

1. e4 c5 2. Nc3 Nc6 3. Bb5 g6 4. Bxc6 bxc6 5. d4 Bg7 6. dxc5 Qa5 7. Bd2 Qxc5 8. Nge2 Nf6 9. O-O O-O 10. Be3 Qb4 11. a3 Qxb2 12. e5 Ng4 13. Bc5 Qb8 14. Bxe7 Qxe5 15. Bd6 Qh5 16. h3 Be5 17. Bxf8 Kxf8 18. Rb1 Ba6 19. Qxd7 Bxc3 20. Qd6+ Kg8 21. Qxc6 Rf8 22. hxg4 Qa5 23. Qxc3 Qg5 24. Nd4 Bxf1 25. Kxf1 Qxg4 26. Nc6 Qh4 27. Rb7 Re8 28. Ne7+ Rxe7 29. Rb8+ 1-0

[Event "NED-ch U14 Youth 2019"]
[Site "Assen"]
[Date "2019.04.29"]
[Round "3.10"]
[White "Bakija, Alan"]
[Black "Van Arendonk, Polle"]
[Result "1-0"]
[ECO "D77"]
[WhiteElo "1580"]
[BlackElo "1803"]
[Annotator "NA RC"]
[PlyCount "87"]
[EventDate "2019.04.28"]
[EventType "swiss"]
[EventCountry "NED"]
[SourceTitle "playchess.com"]
[Source "ChessBase"]
[SourceQuality "1"]
[TimeControl "5400+30"]

1. Nf3 Nf6 2. g3 g6 3. d4 d5 4. Bg2 Bg7 5. O-O O-O 6. c4 dxc4 7. Nbd2 {[%emt 0:00:34] D77: Fianchetto Grünfeld: 6 0-0: Replies other than 6...c6} (7. Na3 c3 8. bxc3 c5 9. Re1 Nc6 10. Bb2 cxd4 11. cxd4 Ne4 12. Qc2 Nd6 13. Ne5 Be6 14. e3 Nb4 15. Qd2 a5 16. Bc3 Nd5 {½-½ (136) Howell,D (2697)-Naiditsch,A (2736) Germany 2019}) 7... c3 8. bxc3 c5 9. Nb3 cxd4 10. cxd4 Nc6 11. Bb2 Qb6 $146 ({Predecessor:} 11... a5 12. Nc5 Nd7 13. Rc1 Nxc5 14. Rxc5 Bg4 {½-½ (30) Nguyen,V (2317)-Riess,A (2306) Budapest 2018}) 12. Nfd2 Rd8 $1 13. Nc4 Qc7 (13... Qb5 $11 14. Na3 Qh5) 14. Rc1 Be6 15. Ne3 (15. Ne5 $16) 15... Qd7 $2 (15... Qb6 $11 {and Black stays safe.}) 16. Nc5 Qc8 17. Nxe6 Qxe6 18. d5 Qc8 $2 (18... Nxd5 19. Bxd5 Rxd5 20. Qxd5 (20. Nxd5 Bxb2 21. Nc7 {[%mdl 64] Double Attack} Qc8 $18) 20... Qxd5 21. Nxd5 Bxb2) 19. Qb3 Rb8 20. dxc6 bxc6 21. Qc2 Ng4 22. Bxg7 Nxe3 23. fxe3 Kxg7 24. Qxc6 Qxc6 25. Rxc6 Rb2 26. Rc7 Rxa2 27. Rxe7 Rf8 {[%emt 0:01:36] [#]} 28. Rexf7+ $3 Rxf7 29. Rxf7+ $18 Kxf7 30. Bd5+ Kf6 31. Bxa2 Ke5 32. Bg8 h6 33. Kf2 a5 34. Kf3 a4 35. Ba2 a3 36. h3 h5 37. h4 Kf5 38. e4+ Ke5 39. e3 Kf6 40. Kf4 g5+ 41. hxg5+ Kg6 42. e5 Kg7 43. e6 Kf8 44. g6 1-0